Construct Infanterie Kompanie
Selects Luftwaffe Battlegroup
Selects Luftwaffe Pioneer Support
Construct Panzergrenadier Kompanie
Pak 40 Anti-tank Gun Team
Selects Reconnaissance Run
Fallschirmpioneer Squad Paradrop
Nebelwerfer 42 Rocket Launcher Team
Selects Fallschirmjäger Squad Paradrop
Selects Fragmentation Bombs
Construct Panzer Kompanie
Fallschirmpioneer Squad Paradrop
Nebelwerfer 42 Rocket Launcher Team
Fallschirmjäger Squad Paradrop